 Dungeon Crawl Stone Soup version 0.29-a0-512-gf59ac788ac (webtiles) character file.

Game seed: 15880447589734302616

154 spaghetti the Grave Robber (level 5, 0/24 HPs)
             Began as a Vine Stalker Necromancer on May 29, 2022.
             Slain by a water moccasin (1 damage)
             ... on level 3 of the Dungeon.
             The game lasted 00:04:31 (3134 turns).

spaghetti the Grave Robber (VSNe)                   Turns: 3134, Time: 00:04:32

Health: 0/24       AC:  2    Str: 10    XL:     5   Next: 36%
Magic:  0/12       EV: 11    Int: 17    God:
Gold:   171        SH:  5    Dex: 15    Spells: 8/12 levels left

rFire   . . .      SeeInvis .   (no weapon)
rCold   . . .      Faith    .   o - +2 buckler
rNeg    . . .      Spirit   +   a - +0 robe
rPois   .          Reflect  .   (no helmet)
rElec   .          Harm     .   (no cloak)
rCorr   .          Rampage  .   (no gloves)
Will    .....                   (no boots)
Stlth   ++........              (no amulet)
HPRegen 0.88/turn               (no ring)
MPRegen 0.13/turn               (no ring)

@: mighty, brilliant, lethally poisoned (0 -> -3), hasted, very quick
A: fangs 2, regeneration 1, magic shield, antimagic bite, no potion heal 2
a: no special abilities


You were on level 3 of the Dungeon.
You visited 1 branch of the dungeon, and saw 3 of its levels.

You collected 171 gold pieces.


Innate Abilities, Weirdness & Mutations

You have extremely sharp teeth.
Your natural rate of healing is unusually fast.
When hurt, damage is shared between your health and your magic reserves.
Your bite disrupts and absorbs the magic of your enemies.
Potions cannot restore your health.


   Skills:
 - Level 1.5 Dodging
 - Level 2.4 Stealth
 + Level 4.1 Spellcasting
 + Level 5.3 Necromancy


You had 8 spell levels left.
You knew the following spells:

 Your Spells              Type           Power      Damage    Failure   Level
a - Necrotize             Necr           100%       1d9       2%          1
b - Vampiric Draining     Necr           32%        2d8       7%          3

Your spell library contained the following spells:

 Spells                   Type           Power      Damage    Failure   Level
 Animate Dead             Necr           32%        N/A       24%         4
 Poisonous Vapours        Pois/Air       10%        N/A       32%         2
 Agony                    Necr           32%        N/A       54%         5
 Corpse Rot               Necr/Pois/Air  14%        N/A       69%         4

Inventory:

Hand Weapons
 e - a +0 club {mace}
   (You took it off a goblin on level 1 of the Dungeon)
 g - a +0 dagger {short}
   (You took it off a kobold on level 1 of the Dungeon)
 j - a +0 dagger {short}
   (You took it off a goblin on level 1 of the Dungeon)
 k - a +0 whip {mace}
   (You took it off a kobold on level 1 of the Dungeon)
 l - a +0 dagger {short}
   (You took it off a goblin on level 1 of the Dungeon)
 q - a +0 dagger {short}
   (You took it off a kobold on level 2 of the Dungeon)
 s - a +0 club {mace}
   (You took it off a goblin on level 2 of the Dungeon)
 t - a +0 short sword {short}
   (You took it off a kobold on level 2 of the Dungeon)
 v - a +0 club {mace}
   (You took it off a goblin on level 2 of the Dungeon)
 w - a +0 halberd {polearm}
   (You found it on level 2 of the Dungeon)
 x - a +0 spear {polearm}
   (You found it on level 2 of the Dungeon)
 y - a +0 club {mace}
   (You found it on level 3 of the Dungeon)
 z - a +0 dagger {short}
   (You took it off a kobold on level 3 of the Dungeon)
 B - a +0 quarterstaff {staff}
   (You found it on level 3 of the Dungeon)
 F - a +0 dagger {short}
   (You took it off a goblin on level 3 of the Dungeon)
 I - a +0 dagger {short}
   (You took it off a goblin on level 3 of the Dungeon)
 J - a +0 dagger {short}
   (You took it off a goblin on level 3 of the Dungeon)
 K - a +0 dagger {short}
   (You took it off a goblin on level 3 of the Dungeon)
Missiles
 h - 35 stones {throwing}
Armour
 a - a +0 robe (worn)
 o - a +2 buckler (worn)
   (You found it on level 2 of the Dungeon)
Scrolls
 c - a scroll of blinking {unknown}
 f - a scroll of fear {unknown}
 i - 3 scrolls of teleportation {unknown}
 p - 3 scrolls of identify {unknown}
 r - a scroll of poison {unknown}
 u - 2 scrolls of immolation {unknown}
 D - 3 scrolls of enchant weapon {unknown}
 E - a scroll of amnesia {unknown}
Potions
 n - a potion of brilliance
 A - a potion of curing {unknown}
 C - a potion of attraction {unknown}
 G - a potion of resistance {unknown}
 H - a potion of flight {unknown}

Dungeon Overview and Level Annotations

Branches:
Dungeon (3/15)

Altars:

########## ....ooS@.# ..######.#
#.# ### .. #.##########.# ..# #.#
#.........##.#### ###.# #.#
###########.##..... ..... #.#
#................#.
.##.######.####.#########.##.#.#.
.##.#....#......# #.##.#.#.


You could see a water moccasin and 2 orcs.


Message History

[Y]es or [N]o only, please.
The spell is quite dangerous to miscast (8% risk of failure)!
Continue anyway?
Aiming: Vampiric Draining (quite dangerous; 8% risk of failure)
Press: ? - help, Shift-Dir - straight line You draw life force from something!
Reactivating autopickup.
You feel a bit more experienced.
You feel life coursing into your body. 😎 HP[+2] MP[-3]
Your hp is fully restored (24).
You lost 3 mp, and now have 3/12 mp.
You hit the orc but do no damage. You bite the orc, but do no damage.
The orc hits you with a +0 short sword. 😕 HP[-2]
You take 2 damage, and now have 22/24 hp.
You barely miss the orc. You bite the orc, but do no damage.
The orc closely misses you. 😕 HP[+1]
You hit the orc but do no damage.
You block the orc's attack. 😎 HP[+1] MP[+1]
Your hp is fully restored (24).
The orc shouts!
You hit the orc but do no damage. Your bite misses the orc.
The orc hits you with a +0 short sword. 😕 HP[-4]
You take 4 damage, and now have 20/24 hp.
You hit the orc but do no damage. You bite the orc. You drain its power.
You feel invigorated.
The orc closely misses you. 😕 HP[+1] MP[+3]
You regained 3 mp, and now have 7/12 mp.
You closely miss the orc.
The orc hits you with a +0 short sword. 😕 MP[-1]
You lost 1 mp, and now have 6/12 mp.
You hit the orc but do no damage. Your bite misses the orc.
The orc hits you with a +0 short sword. 😕 HP[-2] MP[-1]
You take 2 damage, and now have 19/24 hp.
You lost 1 mp, and now have 5/12 mp.
Casting: Vampiric Draining (quite dangerous; 7% risk of failure)
Confirm with . or Enter, or press ? or * to list all spells.
The spell is quite dangerous to miscast (7% risk of failure)!
Continue anyway?
Aiming: Vampiric Draining (quite dangerous; 7% risk of failure)
Press: ? - help, Shift-Dir - straight line, f - orc
Aim: an orc, wielding a +0 short sword and wearing a +0 chain mail (severely wounded)
You draw life force from the orc!
You kill the orc!
You feel life coursing into your body.
The water moccasin closely misses you. 😕 HP[+2] MP[-3]
You regained 2 hp, and now have 21/24 hp.
You lost 3 mp, and now have 2/12 mp.
You are too injured to fight recklessly!
You are too injured to fight recklessly!
You are too injured to fight recklessly!
You are too injured to fight recklessly!
You are too injured to fight recklessly!
You are too injured to fight recklessly!
You are too injured to fight recklessly!
You are too injured to fight recklessly!
You are too injured to fight recklessly!
You are too injured to fight recklessly!
You are too injured to fight recklessly!
You are too injured to fight recklessly!
You are too injured to fight recklessly!
You are too injured to fight recklessly!
You hit the water moccasin.
The water moccasin barely misses you. 😕 HP[+1]
You miss the water moccasin. Your bite misses the water moccasin.
The water moccasin bites you!
You are poisoned.
The water moccasin poisons you! The water moccasin bites you.
* * * LOW HITPOINT WARNING * * *
😨 HP[-13] MP[-1]
You take 13 damage, and now have 9/24 hp.
MASSIVE DAMAGE!! (PAUSE)
You lost 1 mp, and now have 1/12 mp.
Magic courses through your body.
* * * LOW HITPOINT WARNING * * *
You feel very sick. The water moccasin bites you.
* * * LOW HITPOINT WARNING * * *
😱 HP[-4] MP[+8]
You take 4 damage, and now have 5/24 hp.
You regained 8 mp, and now have 9/12 mp.
Okay, then.
It was a potion of haste.
You feel yourself speed up.
* * * LOW HITPOINT WARNING * * *
You feel very sick.
You block the water moccasin's attack. 😱 HP[-2]
You take 2 damage, and now have 3/24 hp.
It was a potion of might.
You feel very mighty all of a sudden.
* * * LOW HITPOINT WARNING * * *
You feel sick.
The water moccasin bites you. 😱 HP[-1] MP[-1]
You take 1 damage, and now have 2/24 hp.
You lost 1 mp, and now have 8/12 mp.
It was a potion of brilliance.
You feel clever all of a sudden.
* * * LOW HITPOINT WARNING * * *
You feel sick. The water moccasin bites you!
You die...

Skill      XL: |  1  2  3  4  5 |
---------------+----------------+-----
Spellcasting   | 3 4 |  4.1
Necromancy     | 5 |  5.3
Dodging        | |  1.5
Stealth        | |  2.4

Action                   |  1- 3 |  4- 6 || total
-------------------------+-------+-------++-------
Melee: Unarmed           |    65 |    86 ||   151
       Bite              |    18 |    26 ||    44
 Cast: Necrotize         |    51 |     3 ||    54
       Vampiric Draining |     3 |    12 ||    15
  Use: Potion            |       |     4 ||     4
 Stab: Sleeping          |     6 |     5 ||    11
Armor: Robe              |    20 |    11 ||    31
Dodge: Dodged            |    52 |    42 ||    94
Block: Buckler           |     8 |    25 ||    33

Levels and vault maps discovered:
D:1:      dpeg_arrival_rooms_a, layout_loops_ring, grunt_decor_cap, minivault_23
D:2:      layout_basic, ebering_ecumenical_altar_webs, kennysheep_crisscross,
          uniq_natasha
D:3:      layout_basic, nicolae_elevator_lobby_asterisk

Notes
Turn   | Place    | Note
-------+----------+-------------------------------------------
     0 | D:1      | spaghetti the Vine Stalker Necromancer began the quest for
                  | the Orb.
     0 | D:1      | Reached XP level 1. HP: 9/9 MP: 4/4
     0 | D:1      | magus.rc [v1.9.6]
   182 | D:1      | Reached XP level 2. HP: 7/13 MP: 1/6
   970 | D:1      | Reached XP level 3. HP: 11/16 MP: 1/8
   974 | D:1      | Learned a level 3 spell: Vampiric Draining
  1107 | D:1      | Reached skill level 3 in Spellcasting
  1543 | D:2      | Found a faded altar of an unknown god.
  2062 | D:2      | Gained mutation: Your natural rate of healing is unusually
                  | fast. [Vine Stalker growth]
  2062 | D:2      | Reached XP level 4. HP: 21/21 MP: 3/10
  2348 | D:2      | Noticed Natasha
  2357 | D:2      | Killed Natasha
  2358 | D:2      | Reached skill level 5 in Necromancy
  2722 | D:3      | Reached XP level 5. HP: 24/24 MP: 11/11
  2728 | D:3      | You pick up a book of Vapours and begin reading...
  2728 | D:3      | You add the spells Poisonous Vapours and Corpse Rot to your
                  | library.
  2937 | D:3      | Reached skill level 4 in Spellcasting
  3115 | D:3      | Noticed a water moccasin
  3131 | D:3      | HP: 6/24 [poisoned by a water moccasin]
  3133 | D:3      | HP: 2/24 [poisoned by a water moccasin]
  3134 | D:3      | Slain by a water moccasin

Vanquished Creatures
  Natasha (D:2)
  An orc wizard (D:3)
  3 adders (D:2)
  A worm (D:2)
  An orc (D:3)
  4 ball pythons
  11 endoplasms
  4 giant cockroaches
  9 goblins
  9 hobgoblins
  2 quokkas
  8 bats
  7 frilled lizards
  5 kobolds
  2 rats
68 creatures vanquished.

Table legend:
 A = Non-vault XP
 B = Vault XP
 C = Vault XP percentage of total XP
 D = Non-vault monster count
 E = Vault monster count
 F = Vault count percentage of total count
                 A         B        C        D         E       F
            +---------+---------+-------+---------+---------+-------
      Total |     185 |      36 |  16.3 |      67 |       1 |   1.5
            +---------+---------+-------+---------+---------+-------
        D:1 |      45 |       0 |   0.0 |      27 |       0 |   0.0
        D:2 |      76 |      36 |  32.1 |      24 |       1 |   4.0
        D:3 |      64 |       0 |   0.0 |      16 |       0 |   0.0
            +---------+---------+-------+---------+---------+-------

Illustrated notes

Table legend:
 A = Kills in this place as a percentage of kills in entire the game.
 B = Kills by you in this place as a percentage of kills by you in the entire game.
 C = Kills by friends in this place as a percentage of kills by friends in the entire game.
 D = Other kills in this place as a percentage of other kills in the entire game.
 E = Experience gained in this place as a percentage of experience gained in the entire game.
 F = Experience gained in this place divided by the number of levels of this place that you have seen.
                   A       B       C       D       E      F
               +-------+-------+-------+-------+-------+----------------------
         Total | 100.0 | 100.0 |   N/A |   N/A | 100.0 |  73.7
       Dungeon | 100.0 | 100.0 |   N/A |   N/A | 100.0 |  73.7
               +-------+-------+-------+-------+-------+----------------------

Table legend: (Time is in decaauts)
 A = Elapsed time spent in this place.
 B = Non-inter-level travel time spent in this place.
 C = Inter-level travel time spent in this place.
 D = Time resting spent in this place.
 E = Time spent auto-exploring this place.
 F = Levels seen in this place.
 G = Mean time per level.
                   A        B        C        D        E       F      G
               +--------+--------+--------+--------+--------+-----+--------+
         Total |   3150 |   3125 |     25 |      0 |   2603 |   3 | 1050.0 |
       Dungeon |   3150 |   3125 |     25 |      0 |   2603 |   3 | 1050.0 |
               +--------+--------+--------+--------+--------+-----+--------+

Top non-repeatable levels by time:
     D:1: 1532 daAuts
     D:2: 1075 daAuts
     D:3: 543 daAuts
